 Dungeon Crawl Stone Soup version 0.28-a0-1395-g4f6bc678fa (webtiles) character file.

Game seed: 2719046272662518219

389 derath95 the Digger (level 6, -2/45 HPs)
             Began as a Draconian Earth Elementalist on Jan 4, 2022.
             Was an Initiate of Vehumet.
             Slain by a gnoll (5 damage)
             ... on level 3 of the Dungeon.
             The game lasted 00:17:13 (2920 turns).

derath95 the Digger (Draconian Earth Elementalist)  Turns: 2920, Time: 00:17:16

Health: -2/45      AC:  7    Str: 11    XL:     6   Next: 49%
Magic:  6/12       EV: 12    Int: 17    God:    Vehumet [......]
Gold:   146        SH:  0    Dex: 17    Spells: 13/14 levels left

rFire   . . .      SeeInvis .   a - +1 dagger (holy)
rCold   . . .      Faith    .   (no shield)
rNeg    . . .      Spirit   .   (armour unavailable)
rPois   .          Reflect  .   (helmet restricted)
rElec   .          Harm     .   k - +0 cloak
rCorr   .          Rampage  .   (no gloves)
Will    .....                   (no boots)
Stlth   ++........              (no amulet)
HPRegen 0.15/turn               d - ring of wizardry
MPRegen 0.13/turn               p - +6 ring of dexterity

@: no status effects
A: AC +6, unfitting armour, cold-blooded
a: Renounce Religion


You were on level 3 of the Dungeon.
You worshipped Vehumet.
Vehumet was noncommittal.
You visited 2 branches of the dungeon, and saw 5 of its levels.

You collected 146 gold pieces.

Inventory:

Hand Weapons
 a - a +1 dagger of holy wrath (weapon)
 i - the +6 mace of Big Damage {holy, Will+ Str-5 Dex+3}
   (You found it on level 2 of the Dungeon)

   It has been blessed by the Shining One to cause great damage to the undead
   and demons.
   Str:       It affects your strength (-5).
   Dex:       It affects your dexterity (+3).
   Will:      It increases your willpower.
 j - a +1 mace of protection
Missiles
 b - 56 stones
Armour
 k - a +0 cloak (worn)
Jewellery
 d - a ring of wizardry (left hand)
 p - a +6 ring of dexterity (right hand)
Scrolls
 h - a scroll of blinking
 l - a scroll of teleportation {unknown}
 m - a scroll of noise {unknown}
 o - a scroll of fog {unknown}
Potions
 c - a potion of mutation {unknown}
 e - a potion of berserk rage {unknown}
 f - a potion of curing {unknown}
 g - a potion of flight {unknown}
 n - a potion of brilliance {unknown}


   Skills:
 - Level 1.7 Dodging
 - Level 1.7 Stealth
 + Level 4.6 Spellcasting
 - Level 1.0 Transmutations
 + Level 5.7 Earth Magic


You had 13 spell levels left.
You knew the following spells:

 Your Spells              Type           Power      Damage    Failure   Level
a - Sandblast             Erth           46%        2d11      1%          1

Your spell library contained the following spells:

 Spells                   Type           Power      Damage    Failure   Level
 Passwall                 Tmut/Erth      12%        N/A       2%          2
 Stone Arrow              Conj/Erth      26%        3d8       6%          3
 Ignite Poison            Fire/Tmut/Pois 5%         N/A       16%         3
 Petrify                  Tmut/Erth      15%        N/A       16%         4
 Conjure Flame            Conj/Fire      3%         6-21      17%         3
 Sticky Flame             Conj/Fire      3%         2d3       50%         4


Dungeon Overview and Level Annotations

Branches:
Dungeon (4/15)             Temple (1/1) D:4

Altars:
Ashenzari
Cheibriados
Dithmenos
Elyvilon
Fedhas
Gozag
Hepliaklqana
Kikubaaqudgha
Makhleb
Nemelex Xobeh
Okawaru
Qazlal
Ru
Sif Muna
Trog
Uskayaw
Vehumet
Wu Jian
Xom
Yredelemnul
Zin
The Shining One

Shops:
D:1 =:


Innate Abilities, Weirdness & Mutations

Your plain brown scales are hard. (AC +6)
You cannot fit into any form of body armour.
You are cold-blooded and may be slowed by cold attacks.


Message History

Confirm with . or Enter, or press ? or * to list all spells.
Aiming: Sandblast (safe; 1% risk of failure)
Press: ? - help, Shift-Dir - straight line, f/p - gnoll shaman
Aim: a gnoll shaman, wielding a +0 whip and wearing a +0 robe (almost dead, 83% to hit)
The blast of sand hits the gnoll shaman but does no damage.
The gnoll shaman is almost dead.
The gnoll barely misses you. The gnoll hits you with a +0 spear.
The gnoll shaman closely misses you. The gnoll closely misses you.
Casting: Sandblast (safe; 1% risk of failure)
Confirm with . or Enter, or press ? or * to list all spells.
Aiming: Sandblast (safe; 1% risk of failure)
Press: ? - help, Shift-Dir - straight line, f/p - gnoll shaman
Aim: a gnoll shaman, wielding a +0 whip and wearing a +0 robe (almost dead, 83% to hit)
The blast of sand misses the gnoll shaman.
The gnoll hits you with a +0 spear.
* * * LOW HITPOINT WARNING * * *
The gnoll barely misses you.
The gnoll shaman mumbles some strange prayers to its god.
The gnoll shaman is healed somewhat.
Casting: Sandblast (safe; 1% risk of failure)
Confirm with . or Enter, or press ? or * to list all spells.
Aiming: Sandblast (safe; 1% risk of failure)
Press: ? - help, Shift-Dir - straight line, f/p - gnoll shaman
Aim: a gnoll shaman, wielding a +0 whip and wearing a +0 robe (severely wounded, 83% to hit)
The blast of sand hits the gnoll shaman!
You kill the gnoll shaman!
Vehumet accepts your kill. The gnoll hits you but does no damage.
The gnoll hits you with a +0 spear!
* * * LOW HITPOINT WARNING * * *
The gnoll hits you with a +0 flail.
* * * LOW HITPOINT WARNING * * *
Casting: Sandblast (safe; 1% risk of failure)
Confirm with . or Enter, or press ? or * to list all spells.
Aiming: Sandblast (safe; 1% risk of failure)
Press: ? - help, Shift-Dir - straight line, f - gnoll
Aim: a gnoll, wielding a +0 flail (fast, 83% to hit)
The blast of sand hits the gnoll!
The gnoll is severely wounded.
The gnoll hits you with a +0 spear.
You die...

.....#
##..##..#...........#.#
######
#..##..#<....#.#.#.#.#
##.##..#######.#'#.#.#
##..#........(....##.#
####...#.#########...'..#
#........# #...####
##.##..#..#########...####
#..#..##gg........#.......
#.##..##)@...........)....
#.#..##...........##.##...
#.#..##._(....)..##...##..
##.#..##........).#..#..#..
#..##..##.........#.#(#.#..
#...##..#............#.....
#.#.##..##........#.#.#.#..
#.#..##..#.####'..#..#..#..
#....##..#.####.#.##...##..


You could see 2 gnolls.

Vanquished Creatures
  Sigmund (D:2)
  A phantom (D:4)
  Crazy Yiuf (D:2)
  A gnoll shaman (D:3)
  2 adders
  2 gnolls (D:4)
  A worm (D:4)
  3 dart slugs
  4 orcs
  8 endoplasms
  5 giant cockroaches
  4 goblins
  6 hobgoblins
  A quokka (D:1)
  5 ball pythons
  2 bats (D:1)
  4 frilled lizards
  5 kobolds
  2 rats
58 creatures vanquished.

Notes
Turn   | Place    | Note
-------+----------+-------------------------------------------
     0 | D:1      | derath95 the Draconian Earth Elementalist began the quest
                  | for the Orb.
     0 | D:1      | Reached XP level 1. HP: 14/14 MP: 3/3
   123 | D:1      | Reached XP level 2. HP: 18/20 MP: 5/5
   258 | D:1      | Found Ginapoos's Book Shop.
   613 | D:1      | Found a faded altar of an unknown god.
   674 | D:1      | Reached XP level 3. HP: 26/26 MP: 3/6
   716 | D:1      | Found Kuesir's One-of-a-Kind Rings.
   783 | D:2      | Noticed Sigmund
   790 | D:2      | Identified the +0 ring mail of Watchfulness {Drain Will-
                  | Regen+ Int+5}
  1225 | D:2      | Killed Sigmund
  1226 | D:2      | Reached skill level 4 in Earth Magic
  1226 | D:2      | Reached XP level 4. HP: 5/33 MP: 4/9
  1226 | D:2      | Reached XP level 5. HP: 6/38 MP: 4/10
  1576 | D:2      | Reached skill level 5 in Earth Magic
  1611 | D:2      | Identified the +6 mace of Big Damage {holy, Will+ Str-5
                  | Dex+3}
  1615 | D:2      | Found a runed translucent door.
  1616 | D:2      | Noticed Crazy Yiuf
  1623 | D:2      | Killed Crazy Yiuf
  1779 | D:3      | Found a basalt altar of Yredelemnul.
  1854 | D:3      | Found a stormy altar of Qazlal.
  2364 | D:4      | Found a staircase to the Ecumenical Temple.
  2389 | Temple   | Entered the Ecumenical Temple
  2542 | Temple   | Became a worshipper of Vehumet
  2618 | D:4      | Noticed a phantom
  2629 | D:4      | Reached XP level 6. HP: 45/45 MP: 8/12
  2920 | D:3      | Slain by a gnoll

Illustrated notes

Levels and vault maps discovered:
D:1:      lightli_arrival_boilingwater, layout_rooms,
          hellmonk_ecumenical_altar_run_dry, serial_shops,
          nicolae_shop_competitors_out_of_business, nicolae_shop_unique_rings
D:2:      layout_basic, uniq_crazy_yiuf_cottage, uniq_sigmund
D:3:      layout_basic, mainiacjoe_overflow_catch_the_wave, minmay_box_of_dots
D:4:      layout_rooms, minmay_temple_entry_offerings
Temple:   regret_index_temple_chain_breaker

Skill      XL: |  1  2  3  4  5 |
---------------+----------------+-----
Spellcasting   | 3 4 |  4.6
Earth Magic    | 4 5 |  5.7
Dodging        | |  1.7
Stealth        | |  1.7
Transmutations | |  1.0

Action                   |  1- 3 |  4- 6 || total
-------------------------+-------+-------++-------
Melee: Dagger            |    93 |    27 ||   120
       Tailslap          |    10 |     3 ||    13
       Unarmed           |     1 |       ||     1
 Cast: Sandblast         |    21 |    43 ||    64
  Use: Scroll            |       |     1 ||     1
 Stab: Sleeping          |       |     1 ||     1
Armor: Skin              |    24 |    14 ||    38
Dodge: Dodged            |    60 |    25 ||    85

Table legend: (Time is in decaauts)
 A = Elapsed time spent in this place.
 B = Non-inter-level travel time spent in this place.
 C = Inter-level travel time spent in this place.
 D = Time resting spent in this place.
 E = Time spent auto-exploring this place.
 F = Levels seen in this place.
 G = Mean time per level.
                   A        B        C        D        E       F      G
               +--------+--------+--------+--------+--------+-----+--------+
         Total |   2927 |   2888 |     39 |    484 |   1017 |   5 |  585.4 |
       Dungeon |   2761 |   2744 |     17 |    484 |    914 |   4 |  690.2 |
        Temple |    165 |    143 |     22 |      0 |    103 |   1 |  165.0 |
               +--------+--------+--------+--------+--------+-----+--------+

Top non-repeatable levels by time:
     D:2: 967 daAuts
     D:3: 842 daAuts
     D:1: 781 daAuts
     D:4: 170 daAuts
  Temple: 165 daAuts
